 Dungeon Crawl Stone Soup version 0.29-a0-72-g1732ff48e7 (webtiles) character file.

Game seed: 10430273528976910434

136901 grumblor the Protected (level 17, -16/76 (94) HPs)
             Began as a Vine Stalker Fighter on Feb 3, 2022.
             Was an Elder of Sif Muna.
             Demolished by a spatial maelstrom (17 damage)
             ... on level 2 of the Abyss.
             The game lasted 01:35:08 (27659 turns).

grumblor the Protected (Vine Stalker Fighter)      Turns: 27659, Time: 01:35:09

HP:   -16/76 (94)   AC: 37    Str: 29      XL:     17   Next: 22%
MP:   0/30          EV:  6    Int:  2 (4)  God:    Sif Muna [****..]
Gold: 2123          SH: 20    Dex: 13 (17) Spells: 16/16 levels left

rFire   + . .      SeeInvis .   U - +2 hand axe (venom)
rCold   + . .      Faith    .   T - +2 tower shield {rF+}
rNeg    . . .      Spirit   +   k - +5 crystal plate armour
rPois   +          Reflect  .   z - +1 hat
rElec   .          Harm     .   f - +0 cloak of Catatonia {rC+ Regen+ rCorr Int-4}
rCorr   +          Rampage  .   O - +2 pair of gloves {Str+3}
Will    ++...      Rnd*Tele +   W - +2 pair of boots
Stlth   ..........              o - amulet of regeneration
HPRegen 2.62/turn               V - ring of flight
MPRegen 0.22/turn               D - ring of poison resistance

@: flying, studying 2 skills, heavily drained
A: fangs 3, regeneration 1, magic shield, antimagic bite, no potion heal 2,
agile 1, high MP 1, MP-powered wands, [deterioration 2], [teleportitis 2]
a: Renounce Religion, Channel Magic, Forget Spell, Divine Exegesis


You were on level 2 of the Abyss.
You worshipped Sif Muna.
Sif Muna was greatly pleased with you.
You visited 5 branches of the dungeon, and saw 26 of its levels.
You visited the Abyss 3 times.
You also visited: Ossuary, Gauntlet and Ice Cave.

You collected 2574 gold pieces.
You spent 451 gold pieces at shops.

Inventory:

Hand Weapons
 a - a +0 war axe
 h - the +10 short sword of the Shark {elec, Int+7}
   (You found it on level 8 of the Dungeon)

   It occasionally discharges a powerful burst of electricity upon striking a
   foe.
   Int:       It affects your intelligence (+7).
 K - a +2 scimitar of flaming
 U - a +2 hand axe of venom (weapon)
Missiles
 b - 4 curare-tipped darts
 l - 28 poisoned darts
 n - 8 boomerangs (quivered)
 B - 6 throwing nets
 I - 10 javelins
 M - 8 silver javelins
Armour
 f - the +0 cloak of Catatonia (worn) {rC+ Regen+ rCorr Int-4}
   (You acquired it on level 1 of the Dungeon)

   Int:       It affects your intelligence (-4).
   rC:        It protects you from cold.
   Regen:     It increases your rate of health regeneration.
   rCorr:     It protects you from acid and corrosion.
 k - a +5 crystal plate armour (worn)
 z - a +1 hat (worn)
 O - a +2 pair of gloves of strength (worn)
 T - a +2 tower shield of fire resistance (worn)
 W - a +2 pair of boots (worn)
Jewellery
 i - a ring of protection from fire
 o - an amulet of regeneration (around neck)
 w - a +6 ring of strength
 D - a ring of poison resistance (right hand)
 V - a ring of flight (left hand)
Wands
 C - a wand of paralysis (5)
 E - a wand of flame (27)
 F - a wand of polymorph (7)
 H - a wand of mindburst (3)
 L - a wand of digging (8)
 N - a wand of acid (9)
 X - a wand of charming (3)
Scrolls
 j - 17 scrolls of identify
 r - a scroll of magic mapping
 s - 16 scrolls of teleportation
 v - 2 scrolls of fear
 y - a scroll of holy word
 G - 2 scrolls of enchant weapon
 J - 2 scrolls of silence
 P - 3 scrolls of fog
 S - 3 scrolls of blinking
Potions
 e - 9 potions of curing
 g - a potion of resistance
 m - 5 potions of lignification
 p - a potion of mutation
 t - 2 potions of magic
 x - 2 potions of haste
 A - a potion of berserk rage
Miscellaneous
 c - a piece from Xom's chessboard (15/15)
 q - a lightning rod (4/4)
 u - a box of beasts (inert)
 Q - a phial of floods
 R - a tin of tremorstones (1/2)


   Skills:
 * Level 12.8 Fighting
 - Level 2.0 Short Blades
 - Level 8.0 Axes
 - Level 4.0 Throwing
 * Level 14.1 Armour
 * Level 5.6 Dodging
 - Level 4.0 Stealth
 * Level 13.6 Shields
 * Level 12.6 Invocations
 * Level 5.9 Evocations


You had 16 spell levels left.
You didn't know any spells.
Your spell library contained the following spells:

 Spells                   Type           Power      Damage    Failure   Level
 Apportation              Tloc           0%         N/A       100%        1
 Beastly Appendage        Tmut           0%         N/A       100%        1
 Freeze                   Ice            0%         1d3       100%        1
 Magic Dart               Conj           0%         1d3       100%        1
 Pain                     Necr           0%         1d4       100%        1
 Shock                    Conj/Air       0%         1d3       100%        1
 Slow                     Hex            0%         N/A       100%        1
 Sting                    Tmut/Pois      0%         1d3       100%        1
 Poisonous Vapours        Pois/Air       0%         N/A       100%        2
 Scorch                   Fire           0%         2d5       100%        2
 Searing Ray              Conj           0%         2d4       100%        2
 Call Canine Familiar     Summ           0%         N/A       100%        3
 Frozen Ramparts          Ice            0%         1d2       100%        3
 Gell's Gravitas          Tloc           0%         N/A       100%        3
 Inner Flame              Hex/Fire       0%         N/A       100%        3
 Lesser Beckoning         Tloc           0%         N/A       100%        3
 Portal Projectile        Hex/Tloc       0%         N/A       100%        3
 Summon Guardian Golem    Hex/Summ       0%         N/A       100%        3
 Swiftness                Air            0%         N/A       100%        3
 Teleport Other           Tloc           0%         N/A       100%        3
 Tukima's Dance           Hex            0%         N/A       100%        3
 Airstrike                Air            0%         N/A       100%        4
 Anguish                  Hex/Necr       0%         N/A       100%        4
 Cause Fear               Hex            0%         N/A       100%        4
 Flame Wave               Conj/Fire      0%         2d4       100%        4
 Fulminant Prism          Conj/Hex       0%         3d6       100%        4
 Hailstorm                Conj/Ice       0%         3d3       100%        4
 Ice Form                 Ice/Tmut       0%         N/A       100%        4
 Iskenderun's Mystic Bla  Conj/Tloc      0%         2d3       100%        4
 Olgreb's Toxic Radiance  Pois           0%         N/A       100%        4
 Passage of Golubria      Tloc           0%         N/A       100%        4
 Summon Ice Beast         Ice/Summ       0%         N/A       100%        4
 Agony                    Necr           0%         N/A       100%        5
 Alistair's Intoxication  Tmut/Pois      0%         N/A       100%        5
 Blade Hands              Tmut           0%         N/A       100%        5
 Excruciating Wounds      Necr           0%         N/A       100%        5
 Silence                  Hex/Air        0%         N/A       100%        5
 Summon Mana Viper        Hex/Summ       0%         N/A       100%        5
 Yara's Violent Unravell  Hex/Tmut       0%         3d3       100%        5
 Dispersal                Tloc           0%         N/A       100%        6
 Simulacrum               Ice/Necr       0%         N/A       100%        6
 Summon Cactus Giant      Summ           0%         N/A       100%        6
 Enfeeble                 Hex            0%         N/A       100%        7
 Haunt                    Necr/Summ      0%         N/A       100%        7
 Malign Gateway           Summ/Tloc      0%         N/A       100%        7
 Ozocubu's Refrigeration  Ice            0%         4d5       100%        7
 Spellforged Servitor     Conj/Summ      0%         N/A       100%        7
 Borgnjor's Revivificati  Necr           0%         N/A       100%        8
 Ignition                 Fire           0%         3d3       100%        8
 Lehudib's Crystal Spear  Conj/Erth      0%         10d2      100%        8
 Necromutation            Tmut/Necr      0%         N/A       100%        8
 Death's Door             Necr           0%         N/A       100%        9
 Shatter                  Erth           0%         3d5*      100%        9


Dungeon Overview and Level Annotations

Branches:
Dungeon (13/15)            Temple (1/1) D:7            Lair (6/6) D:8
 Shoals (4/4) Lair:2       Spider (0/4) Lair:3        Slime (0/5) Lair:6
    Orc (2/2) D:12            Elf (0/3) Orc:2        Vaults (0/5) D:13
Ossuary (visited)           IceCv (visited)         Gauntlet (visited)

Altars:
Cheibriados
Hepliaklqana
Makhleb
Okawaru
Ru
Sif Muna
Wu Jian
Xom
Beogh
Jiyva
Lugonu

Shops:
D:1 (   Orc:2 [?(=[

Portals:
Abyss: Lair:6
Trove: D:13 (give 17 scrolls of teleportation)


Innate Abilities, Weirdness & Mutations

You have razor-sharp teeth.
Your natural rate of healing is unusually fast.
When hurt, damage is shared between your health and your magic reserves.
Your bite disrupts and absorbs the magic of your enemies.
Potions cannot restore your health.
You are agile. (Dex +2)
You have an increased reservoir of magic. (+10% MP)
You expend magic power (3 MP) to strengthen your wands.
[Your body often deteriorates upon taking damage.]
[You are sometimes teleported next to monsters.]


Message History

You block the ufetubus's attack.
You hit the cyan very ugly thing.
The cyan very ugly thing looks as sick as possible!
The cyan very ugly thing is heavily wounded.
You hit the ufetubus but do no damage.
The ufetubus is poisoned.
You block the ufetubus's attack. x2
The cyan very ugly thing tail-slaps you but does no damage.
Unknown command.
You barely miss the cyan very ugly thing.
You bite the cyan very ugly thing! You drain its power.
You feel invigorated.
The cyan very ugly thing is heavily wounded.
You miss the ufetubus. You block the ufetubus's attack. x2
The cyan very ugly thing tail-slaps you but does no damage.
A spatial maelstrom comes into view.
The ufetubus hits you but does no damage. x2
A spatial vortex comes into view.
You slash the spatial maelstrom! You bite the spatial maelstrom!
You drain its power.
The spatial maelstrom is moderately damaged.
You slash the ufetubus!
You kill the ufetubus!
The ufetubus disappears in a puff of smoke!
You barely miss the cyan very ugly thing.
You block the spatial maelstrom's attack. x2
The cyan very ugly thing tail-slaps you.
The cyan very ugly thing shocks you!!
* * * LOW HITPOINT WARNING * * *
Your body deteriorates!
You feel dopey.
A starcursed mass splits.
The ufetubus hits you but does no damage.
The ufetubus barely misses you.
You block the green very ugly thing's attack.
The cyan very ugly thing tail-slaps you!
* * * LOW HITPOINT WARNING * * *
The cyan very ugly thing shocks you!!
* * * LOW HITPOINT WARNING * * *
The spatial maelstrom hits you!
* * * LOW HITPOINT WARNING * * *
Space warps horribly around you!
You die...

# # .####.#
#.#..##.# ##
##.v.....### .#
#..##@# #.# .# ##
#5.#v### .# #
#..#uu.##.#.# # #
#.###X### . . #
55dX.###### .#
#.###.#.d.u†#..##
#.##.## X##.#
...§#.# #.##
##.#.### . #


You could see a starcursed mass, a green very ugly thing, a red draconian, a
spatial maelstrom, a spatial vortex and 2 ufetubi.

Vanquished Creatures
  Bai Suzhen (Shoals:3)
  A profane servitor (Abyss:2)
  Jorgrun (D:13)
  2 Ice Fiends (IceCv)
  Gastronok (D:9)
  2 tentacled starspawn (Abyss:1)
  A revenant (Abyss:2)
  A very ugly thing (Abyss:2)
  A minotaur (Gauntlet)
  3 merfolk impalers
  A great orb of eyes (Abyss:1)
  A spriggan skeleton (Abyss:2)
  3 caustic shrike simulacra (IceCv)
  Erolcha (D:13)
  10 hydras
  2 rakshasas (Abyss:2)
  Harold (Lair:2)
  An ice dragon (Shoals:3)
  4 merfolk avatars
  3 centaur warriors
  2 boulder beetles
  3 merfolk aquamancers (Shoals:4)
  9 death yaks
  8 two-headed ogres
  3 satyrs (Shoals:2)
  5 thrashing horrors
  4 orc high priests (Orc:2)
  10 large abominations
  3 wretched stars
  A soul eater (Abyss:2)
  The ghost of sirJeffrey23 the Grappler, a novice TrMo of Zin (D:9)
  Sonja (Orc:2)
  A deep troll (D:13)
  13 sea snakes
  A bog body (IceCv)
  2 obsidian statues (IceCv)
  2 spriggan simulacra
  4 harpies (Shoals:3)
  Pikel (D:4)
  A bunyip skeleton (Abyss:1)
  7 orc knights
  A wizard (D:13)
  2 wolf spiders (Lair:1)
  10 manticores
  9 fauns
  5 cyclopes
  2 ugly things
  8 orc sorcerers
  A spectral centaur (D:9)
  7 black mambas
  13 elephants
  7 merfolk sirens
  2 water nymphs (Shoals:2)
  2 torpor snails
  2 smoke demons (Lair:6)
  An orange demon (Abyss:2)
  2 apocalypse crabs (Abyss:2)
  An ice statue (Shoals:3)
  11 cane toads
  2 unseen horrors (D:11)
  6 komodo dragons
  Maggie (D:6)
  A golden dragon simulacrum (IceCv)
  An efreet (D:11)
  An entropy weaver simulacrum (IceCv)
  A kobold demonologist (Abyss:2)
  6 freezing wraiths
  4 ancient zymes
  3 starcursed masses (Abyss:1)
  A troll (shapeshifter) (Lair:6)
  2 ice devils
  A meliai (shapeshifter) (Lair:6)
  14 merfolk
  A hornet (D:9)
  A queen bee (Gauntlet)
  8 trolls
  2 polar bears
  20 dream sheep
  5 wind drakes
  5 slime creatures (D:13)
  25 blink frogs
  5 snapping turtles
  A raiju (Abyss:2)
  12 small abominations
  A shadow (D:12)
  A vampire (D:11)
  6 flying skulls (Abyss:2)
  2 ynoxinuls (Lair:6)
  2 spriggans (Lair:6)
  5 water elementals
  A wraith (D:5)
  2 centaur simulacra (D:9)
  62 yaks
  6 basilisks
  6 chaos spawn
  5 golden eyes (Abyss:1)
  3 wyverns
  4 vampire mosquitoes (D:11)
  A redback (Lair:3)
  A minotaur simulacrum (IceCv)
  A neqoxec (Gauntlet)
  Menkaure (D:6)
  3 swamp worms (Gauntlet)
  A warg (Orc:1)
  A two-headed ogre zombie (D:12)
  4 hell hounds (Abyss:2)
  3 hydra simulacra (IceCv)
  9 water moccasins
  3 black bears
  21 orc warriors
  A hornet zombie (D:6)
  5 ettin simulacra (IceCv)
  8 wolves
  7 centaurs
  7 ogres
  3 phantoms
  An elf zombie (D:8)
  18 bullfrogs
  2 gnoll sergeants
  4 scorpions
  An elf skeleton (D:8)
  A wyvern zombie (D:5)
  2 water moccasin skeletons
  8 killer bees
  3 troll zombies (D:12)
  3 wights (D:6)
  7 electric eels
  6 howler monkeys
  8 centaur zombies
  3 quasits (Abyss:2)
  6 hounds
  17 orc priests
  A bullfrog skeleton (D:6)
  A centaur skeleton (D:5)
  A gnoll shaman (D:8)
  3 jellies
  An iguana (shapeshifter) (Lair:6)
  An iron imp (Abyss:2)
  Jessica (D:3)
  2 iguanas (D:6)
  3 human skeletons (D:8)
  20 orc wizards
  4 ogre zombies (D:12)
  A hound skeleton (D:4)
  14 mummies (Ossuary)
  8 gnolls
  A howler monkey skeleton (D:6)
  11 adders
  A shadow imp (D:6)
  5 white imps
  3 ufetubi
  2 adder skeletons
  3 dart slugs
  63 orcs
  3 bats
  7 endoplasms
  A giant cockroach (D:3)
  6 goblins
  4 kobolds
  3 quokkas
  7 ball pythons
  6 frilled lizards
  4 goblin skeletons
  2 goblin zombies (D:12)
  3 hobgoblin skeletons (D:12)
  2 hobgoblin zombies (D:12)
  2 kobold skeletons (Ossuary)
  7 orc skeletons
  14 orc zombies (D:12)
  3 rats
  11 rat skeletons (Ossuary)
  3 starspawn tentacles (Abyss:1)
852 creatures vanquished.

Vanquished Creatures (others)
  A neqoxec (Abyss:2)
  An orc wizard (Orc:2)
  A small abomination (Abyss:1)
  An ufetubus (Abyss:2)
  A bush (Lair:6)
  4 demonic plants (Gauntlet)
  27 fungi
  55 plants
  5 starspawn tentacles (Abyss:1)
96 creatures vanquished.

Grand Total: 948 creatures vanquished

Notes
Turn   | Place    | Note
-------+----------+-------------------------------------------
     0 | D:1      | grumblor the Vine Stalker Fighter began the quest for the
                  | Orb.
     0 | D:1      | Reached XP level 1. HP: 11/11 MP: 2/2
    41 | D:1      | Found Gotiach's Weapon Emporium.
   426 | D:1      | Reached XP level 2. HP: 16/16 MP: 3/3
   613 | D:1      | Found a faded altar of an unknown god.
  1049 | D:1      | Identified a scroll of acquirement
  1049 | D:1      | Acquired the +0 cloak of Catatonia {rC+ Regen+ rCorr Int-4}
  1216 | D:2      | Reached XP level 3. HP: 20/20 MP: 4/4
  1807 | D:3      | Gained mutation: Your natural rate of healing is unusually
                  | fast. [Vine Stalker growth]
  1807 | D:3      | Reached XP level 4. HP: 17/24 MP: 2/5
  1955 | D:3      | Reached skill level 1 in Dodging
  2166 | D:3      | Noticed Jessica
  2171 | D:3      | Killed Jessica
  2172 | D:3      | Reached XP level 5. HP: 28/28 MP: 6/6
  2360 | D:4      | Noticed a phantom
  2395 | D:4      | Killed a phantom
  2520 | D:4      | Reached XP level 6. HP: 31/33 MP: 7/7
  2789 | D:4      | Reached skill level 1 in Throwing
  3042 | D:5      | Entered Level 5 of the Dungeon
  3145 | D:5      | Noticed Pikel
  3157 | D:5      | Reached skill level 3 in Armour
  3210 | D:4      | Killed Pikel
  3211 | D:4      | Reached skill level 1 in Evocations
  3211 | D:4      | Reached XP level 7. HP: 38/38 MP: 6/8
  3392 | D:5      | Gained mutation: You have razor-sharp teeth. [Vine Stalker
                  | growth]
  3392 | D:5      | Reached XP level 8. HP: 35/42 MP: 7/9
  3867 | D:5      | Identified the +6 chain mail of the Thistle {Stlth+}
  4050 | D:6      | Noticed a wraith
  4091 | D:5      | Killed a wraith
  4114 | D:6      | Reached skill level 5 in Axes
  4123 | D:6      | Reached skill level 4 in Armour
  4140 | D:6      | Reached skill level 5 in Fighting
  4197 | D:6      | Noticed Menkaure
  4206 | D:6      | Killed Menkaure
  4207 | D:6      | Reached XP level 9. HP: 25/47 MP: 6/10
  4394 | D:6      | Noticed Maggie
  4421 | D:6      | Killed Maggie
  4509 | D:6      | Reached skill level 5 in Shields
  4593 | D:6      | Found a sacrificial altar of Ru.
  4599 | D:6      | Found an iron altar of Okawaru.
  4947 | D:7      | Found a staircase to the Ecumenical Temple.
  4954 | Temple   | Entered the Ecumenical Temple
  4962 | Temple   | Became a worshipper of Sif Muna the Loreminder
  5102 | D:7      | Found a shimmering altar of Xom.
  5915 | D:8      | Found a sand-covered staircase.
  5929 | Ossuary  | Entered an ossuary
  6100 | Ossuary  | Reached * piety under Sif Muna
  6178 | Ossuary  | Reached skill level 1 in Invocations
  6366 | D:8      | Reached XP level 10. HP: 53/53 MP: 11/11
  6773 | D:8      | Identified the +10 short sword of the Shark {elec, Int+7}
  6785 | D:8      | Found a staircase to the Lair.
  6809 | D:8      | Reached ** piety under Sif Muna
  6973 | D:8      | Reached skill level 1 in Short Blades
  7022 | D:8      | Reached skill level 5 in Armour
  7344 | D:9      | Noticed Gastronok
  7388 | D:9      | Killed Gastronok
  7389 | D:9      | Reached XP level 11. HP: 58/58 MP: 6/14
  7522 | D:9      | Reached *** piety under Sif Muna
  7571 | D:9      | Noticed a two-headed ogre
  7576 | D:9      | Killed a two-headed ogre
  7726 | D:9      | Found a runed translucent gate.
  7726 | D:9      | Found a runed translucent gate.
  7727 | D:9      | Found a runed translucent gate.
  7733 | D:9      | Noticed sirJeffrey23's ghost (novice TrMo)
  8227 | D:9      | Killed sirJeffrey23's ghost
  8228 | D:9      | Reached skill level 1 in Stealth
  8249 | D:9      | Reached skill level 6 in Armour
  8249 | D:9      | Reached skill level 5 in Invocations
  8297 | D:10     | Entered Level 10 of the Dungeon
  8774 | D:10     | Found an ornate altar of the Wu Jian Council.
  9001 | D:10     | Noticed a two-headed ogre
  9013 | D:10     | Killed a two-headed ogre
  9014 | D:10     | Reached XP level 12. HP: 63/63 MP: 17/17
  9192 | D:11     | Reached **** piety under Sif Muna
  9232 | D:11     | Reached skill level 7 in Armour
  9333 | D:11     | Noticed a two-headed ogre
  9342 | D:11     | Killed a two-headed ogre
  9564 | D:11     | You fall into a shaft and drop 1 floor!
  9570 | D:12     | Noticed a two-headed ogre
  9571 | D:12     | Noticed a two-headed ogre
  9580 | D:12     | Killed a two-headed ogre
  9586 | D:12     | Killed a two-headed ogre
  9873 | D:11     | Noticed a centaur warrior
  9880 | D:11     | Killed a centaur warrior
  9881 | D:11     | Reached skill level 10 in Shields
  9947 | D:11     | Noticed a two-headed ogre
  9954 | D:11     | Killed a two-headed ogre
  9955 | D:11     | Reached skill level 8 in Armour
 10322 | Lair:1   | Entered Level 1 of the Lair of Beasts
 10564 | Lair:1   | Reached ***** piety under Sif Muna
 10760 | Lair:1   | Reached XP level 13. HP: 59/68 MP: 13/19
 11238 | Lair:2   | Received a gift from Sif Muna
 11356 | Lair:2   | Reached skill level 9 in Armour
 11533 | Lair:2   | Found a staircase to the Shoals.
 11676 | Lair:2   | Noticed Harold
 11703 | Lair:2   | Killed Harold
 12133 | Lair:3   | Found a hole to the Spider Nest.
 12980 | Lair:4   | Reached skill level 10 in Armour
 13228 | Lair:4   | Acquired a manual of Invocations
 13313 | Lair:4   | Received a gift from Sif Muna
 13314 | Lair:4   | Got Sif Muna's Volume of Transmigration and Weightlessness
                  | {god gift}
 13536 | Lair:4   | Reached XP level 14. HP: 75/75 MP: 21/21
 14492 | Lair:5   | Reached skill level 11 in Armour
 15179 | Lair:5   | Reached skill level 10 in Fighting
 15269 | Lair:6   | Entered Level 6 of the Lair of Beasts
 16098 | Lair:6   | Reached skill level 12 in Armour
 16129 | Lair:6   | Received a gift from Sif Muna
 16261 | Lair:6   | Cast into level 1 of the Abyss (spriggan)
 16265 | Lair:6   | Escaped the Abyss
 16292 | Lair:6   | Found a corrupted altar of Lugonu.
 16292 | Lair:6   | Found a one-way gate to the infinite horrors of the Abyss.
 16596 | Lair:6   | Reached skill level 10 in Invocations
 16603 | Lair:6   | Reached XP level 15. HP: 70/82 MP: 23/23
 16681 | Lair:6   | Found a viscous altar of Jiyva.
 16681 | Lair:6   | Found a staircase to the Slime Pits.
 17339 | D:12     | Identified the +4 long sword of Hacking and Slashing
                  | {vorpal, Int+6 Dex+5}
 17458 | D:12     | Found a staircase to the Orcish Mines.
 17519 | D:12     | Received a gift from Sif Muna
 17749 | D:12     | Reached skill level 13 in Armour
 18012 | D:13     | Found a gate to the Vaults.
 18041 | D:13     | Found a gate leading to a gauntlet.
 18088 | Gauntlet | Entered a Gauntlet
 18088 | Gauntlet | Found a transporter.
 18088 | Gauntlet | Found a transporter.
 18089 | Gauntlet | Found a transporter.
 18089 | Gauntlet | Found a transporter.
 18092 | Gauntlet | Found a transporter.
 18103 | Gauntlet | Found a transporter.
 18109 | Gauntlet | Found a transporter.
 18111 | Gauntlet | Found a transporter.
 18130 | Gauntlet | Found a transporter.
 18131 | Gauntlet | Found a transporter.
 18152 | Gauntlet | Found the +7 mace of Variability {chain chaos}
 18210 | Gauntlet | Found a transporter.
 18225 | Gauntlet | Found a transporter.
 18588 | Gauntlet | Gained mutation: [You are occasionally teleported next to
                  | monsters.] [a neqoxec]
 18593 | Gauntlet | Gained mutation: You are weak. (Str -2) [a neqoxec]
 18633 | Gauntlet | Lost mutation: [You are occasionally teleported next to
                  | monsters.] [potion of mutation]
 18633 | Gauntlet | Lost mutation: You are weak. (Str -2) [potion of mutation]
 18633 | Gauntlet | Gained mutation: [You are occasionally teleported next to
                  | monsters.] [potion of mutation]
 18633 | Gauntlet | Gained mutation: [Your body sometimes deteriorates upon
                  | taking damage.] [potion of mutation]
 18633 | Gauntlet | Gained mutation: You are agile. (Dex +2) [potion of
                  | mutation]
 18634 | Gauntlet | Lost mutation: [You are occasionally teleported next to
                  | monsters.] [potion of mutation]
 18634 | Gauntlet | Lost mutation: You are agile. (Dex +2) [potion of mutation]
 18634 | Gauntlet | Gained mutation: Your mind is acute. (Int +2) [potion of
                  | mutation]
 18635 | Gauntlet | Lost mutation: Your mind is acute. (Int +2) [potion of
                  | mutation]
 18635 | Gauntlet | Lost mutation: [Your body sometimes deteriorates upon
                  | taking damage.] [potion of mutation]
 18635 | Gauntlet | Gained mutation: You expend magic power (3 MP) to
                  | strengthen your wands. [potion of mutation]
 18635 | Gauntlet | Gained mutation: You are agile. (Dex +2) [potion of
                  | mutation]
 18635 | Gauntlet | Gained mutation: You have an increased reservoir of magic.
                  | (+10% MP) [potion of mutation]
 18654 | Gauntlet | Identified the +5 ring mail of Makhleb's Wrath {Contam Harm
                  | rPois rCorr Int+6}
 18715 | Gauntlet | Identified the +0 ring mail "Jazo" {rC+}
 18719 | Gauntlet | Got the Tome of the Compass
 18777 | D:13     | Got the Compendium of Dusty Summoning
 19016 | D:13     | Noticed Jorgrun
 19034 | D:13     | Killed Jorgrun
 19070 | D:13     | Found a portal to a secret trove of treasure.
 19160 | D:13     | Noticed Erolcha
 19164 | D:13     | Killed Erolcha
 19324 | Orc:1    | Entered Level 1 of the Orcish Mines
 19647 | Orc:2    | Entered Level 2 of the Orcish Mines
 19982 | Orc:2    | Noticed Sonja
 19992 | Orc:2    | Cast into level 1 of the Abyss (Sonja)
 19992 | Abyss:1  | Found a corrupted altar of Lugonu.
 20213 | Abyss:1  | Noticed a tentacled starspawn
 20245 | Abyss:1  | Killed a tentacled starspawn
 20361 | Abyss:1  | Noticed a tentacled starspawn
 20380 | Abyss:1  | Killed a tentacled starspawn
 20445 | Orc:2    | Escaped the Abyss
 20452 | Orc:2    | Killed Sonja
 20498 | Orc:2    | Received a gift from Sif Muna
 20501 | Orc:2    | Got Sif Muna's Compendium of Bewitchment {god gift}
 20508 | Orc:2    | Found a staircase to the Elven Halls.
 20649 | Orc:2    | Found a runed translucent door.
 20758 | Orc:2    | Found Ibriwy's Armour Shop.
 21088 | Orc:2    | Found Juompe's Antique Weapon Shoppe.
 21088 | Orc:2    | Found Lurerhet's Magic Scroll Shop.
 21090 | Orc:2    | Found Qollen's Armour Shoppe.
 21090 | Orc:2    | Found Pytan's Jewellery Shop.
 21099 | Orc:2    | Bought a ring of flight for 262 gold pieces
 21101 | Orc:2    | Bought a scroll of teleportation for 42 gold pieces
 21101 | Orc:2    | Bought a scroll of teleportation for 42 gold pieces
 21101 | Orc:2    | Bought a scroll of blinking for 105 gold pieces
 21390 | Orc:2    | Reached XP level 16. HP: 83/88 MP: 27/27
 21794 | Shoals:1 | Entered Level 1 of the Shoals
 22819 | Shoals:2 | Received a gift from Sif Muna
 22998 | Shoals:2 | Reached skill level 5 in Evocations
 23602 | Shoals:3 | Reached skill level 5 in Dodging
 23615 | Shoals:3 | Found a frozen archway.
 23692 | IceCv    | Entered an ice cave
 24416 | IceCv    | Received a gift from Sif Muna
 24419 | IceCv    | Got Xuos's Handbook of Creative Dislocation {god gift}
 25109 | IceCv    | Noticed an Ice Fiend
 25109 | IceCv    | Noticed an Ice Fiend
 25122 | IceCv    | Killed an Ice Fiend
 25123 | IceCv    | Reached skill level 14 in Armour
 25184 | IceCv    | Killed an Ice Fiend
 25817 | Shoals:4 | Entered Level 4 of the Shoals
 25843 | Shoals:4 | Noticed Bai Suzhen
 26062 | Shoals:3 | Reached XP level 17. HP: 94/94 MP: 29/29
 26294 | Shoals:3 | Killed Bai Suzhen
 26713 | Shoals:4 | Identified the +2 scale mail of Focus {+Inv rN+ rCorr}
 26790 | Shoals:4 | Identified the +10 shortbow of Overwhelming Force {vorpal,
                  | +Blink rF- Int+3}
 26816 | Shoals:4 | Cast into level 2 of the Abyss (merfolk impaler)
 27109 | Abyss:2  | Noticed a profane servitor
 27200 | Abyss:2  | Killed a profane servitor
 27659 | Abyss:2  | HP: 1/76 [spatial maelstrom (7)]
 27659 | Abyss:2  | Demolished by a spatial maelstrom

Illustrated notes

Levels and vault maps discovered:
D:1:      evilmike_arrival_hilbert_curve, layout_basic, serial_shops,
          nicolae_shop_hallway_plus, basic_ecumenical_altar, minmay_vboxes
D:2:      layout_rooms
D:3:      layout_basic, uniq_jessica
D:4:      layout_basic
D:5:      layout_loops_cross, kennysheep_generic_room_13, uniq_pikel
D:6:      layout_basic, jmf_multi_god_temple, glass_columns_c,
          minmay_manual_moon, uniq_menkaure, uniq_maggie
D:7:      layout_basic, lemuel_crystal_altar, minmay_temple_entry_gardened_gates
D:8:      layout_gridville, erik_lair_island, nicolae_ossuary_entry_catacombs
D:9:      layout_irregular_city, gammafunk_ghost_necromancy, uniq_gastronok
D:10:     layout_basic, pdpol_wu_jian_five_deadly_venoms
D:11:     layout_stronghold
D:12:     layout_irregular_city, zombieorc2_lemuel
D:13:     layout_cave_pools, david_vaults_4, trove_entry_hex_spiral,
          gauntlet_entry_generic, uniq_jorgrun, uniq_erolcha
Temple:   regret_index_temple_mists
Lair:1:   layout_loops_ring, minivault_27, minivault_11,
          nicolae_quartered_pool_super, nicolae_lair_run_with_the_wolves
Lair:2:   layout_gridlike, elwin_shoals_entry_rocks, uniq_harold
Lair:3:   layout_roguey, spider_nest_entry_webs
Lair:4:   layout_layer_cave, lookout_lair_type, wad_woods_river_01
Lair:5:   layout_cave_pods, st_stairs_9, grunt_megastairs_1
Lair:6:   hellmonk_lair_end_abyssal_woods, layout_gridlike, slime_altar_1,
          infiniplex_staircase_pool
Shoals:1: layout_shoals
Shoals:2: nicolae_shoals_island_circles, layout_shoals,
          nicolae_shoals_lost_giant_baths
Shoals:3: layout_shoals, portal_ice_cave_entry_ice_statue_two
Shoals:4: shoals_end_simple, layout_shoals, shoals_ilsuiw_alternative,
          uniq_bai_suzhen
Orc:1:    layout_diamond_mine
Orc:2:    grunt_orc_tribal_feast, layout_caves, serial_shops,
          nicolae_shop_hallway_plus, basic_altar, hellmonk_bongcloud_opening,
          lightli_church_of_beogh, uniq_sonja
Abyss:2:  base: Orc:2, onia_ninara_dug_in_and_dangerous

Skill      XL: |  1  2  3  4  5  6  7  8  9 10 11 12 13 14 15 16 17 |
---------------+----------------------------------------------------+-----
Fighting       | 3 4 5 6 7 8 9 11 12 | 12.8
Axes           | 2 3 4 5 6 7 8 |  8.0
Dodging        | 1 2 3 4 5 |  5.6
Shields        | 3 4 5 7 9 10 11 12 13 | 13.6
Throwing       | 2 4 |  4.0
Armour         | 3 4 5 6 8 10 12 13 14 | 14.1
Evocations     | 1 2 3 4 5 |  5.9
Invocations    | 1 3 5 7 8 10 11 12 | 12.6
Short Blades   | 2 |  2.0
Stealth        | 4 |  4.0

Action                   |  1- 3 |  4- 6 |  7- 9 | 10-12 | 13-15 | 16-18 || total
-------------------------+-------+-------+-------+-------+-------+-------++-------
Melee: War axe           |    83 |   108 |   114 |       |       |       ||   305
       Bite              |    15 |    30 |   138 |   198 |   637 |   506 ||  1524
       Hand axe          |       |       |   210 |    97 |   385 |  1029 ||  1721
       Short sword       |       |       |       |   455 |  1091 |    99 ||  1645
Throw: Boomerang         |       |       |       |    38 |       |    13 ||    51
       Dart              |       |       |       |    10 |    22 |    10 ||    42
       Javelin           |       |       |       |       |       |     2 ||     2
Invok: Channel Magic     |       |       |       |       |     4 |    12 ||    16
Evoke: Wand              |       |       |     4 |     6 |     6 |    17 ||    33
       Tin of tremorston |       |       |       |       |     3 |     2 ||     5
       Lightning rod     |       |       |       |       |     1 |     8 ||     9
       Box of beasts     |       |       |       |       |       |     1 ||     1
       Phial of floods   |       |       |       |       |       |     1 ||     1
  Use: Scroll            |    11 |     3 |    11 |     5 |     9 |     4 ||    43
       Potion            |       |       |     1 |     1 |    10 |     3 ||    15
 Stab: Paralysed         |       |       |       |     5 |       |     1 ||     6
       Petrified         |       |       |       |       |       |     1 ||     1
Armor: Scale mail        |    45 |    35 |    15 |       |       |       ||    95
       Chain mail        |       |       |   103 |   289 |       |       ||   392
       Pearl dragon scal |       |       |       |   109 |       |       ||   109
       Crystal plate arm |       |       |       |    32 |  1279 |   925 ||  2236
Dodge: Dodged            |    45 |    47 |    76 |   238 |   407 |   258 ||  1071
Block: Buckler           |    17 |    15 |       |       |       |       ||    32
       Kite shield       |       |    17 |   120 |   402 |   854 |       ||  1393
       Tower shield      |       |       |       |       |   497 |  1456 ||  1953

Table legend: (Time is in decaauts)
 A = Elapsed time spent in this place.
 B = Non-inter-level travel time spent in this place.
 C = Inter-level travel time spent in this place.
 D = Time resting spent in this place.
 E = Time spent auto-exploring this place.
 F = Levels seen in this place.
 G = Mean time per level.
                   A        B        C        D        E       F      G
               +--------+--------+--------+--------+--------+-----+--------+
         Total |  28348 |  26984 |   1364 |   2282 |  16030 |  32 |  885.9 |
       Dungeon |  11865 |  11120 |    745 |    332 |   8023 |  13 |  912.7 |
        Temple |     21 |     11 |     10 |      0 |      0 |   1 |   21.0 |
          Lair |   6961 |   6661 |    300 |    255 |   4596 |   6 | 1160.2 |
        Shoals |   3550 |   3456 |     94 |    594 |   1651 |   4 |  887.5 |
  Orcish Mines |   1937 |   1722 |    215 |     22 |    931 |   2 |  968.5 |
         Abyss |   1389 |   1389 |      0 |    122 |    496 |   3 |  463.0 |
       Ossuary |    408 |    408 |      0 |      0 |    184 |   1 |  408.0 |
      Ice Cave |   1600 |   1600 |      0 |    933 |     39 |   1 | 1600.0 |
      Gauntlet |    614 |    614 |      0 |     24 |    109 |   1 |  614.0 |
               +--------+--------+--------+--------+--------+-----+--------+

Top non-repeatable levels by time:
  Lair:6: 1734 daAuts
   IceCv: 1600 daAuts
  Lair:4: 1424 daAuts
Shoals:3: 1381 daAuts
   Orc:2: 1376 daAuts
     D:1: 1206 daAuts
     D:8: 1143 daAuts
    D:11: 1094 daAuts
     D:9: 1062 daAuts
  Lair:5: 1010 daAuts
     D:7: 991 daAuts
Shoals:2: 957 daAuts
  Lair:2: 954 daAuts
    D:10: 949 daAuts
     D:5: 945 daAuts
